 Dungeon Crawl Stone Soup version 0.31-a0-986-g5e6e4ef867 (webtiles) character file.

Game seed: 14429188186246389379

1359 croobank the Ruffian (level 8, 0/54 HPs)
             Began as an Octopode Shapeshifter on Nov 23, 2023.
             Was an Initiate of Hepliaklqana.
             Slain by a killer bee (9 damage)
             ... on level 7 of the Dungeon.
             The game lasted 00:13:39 (4492 turns).

croobank the Ruffian (Octopode Shapeshifter)        Turns: 4492, Time: 00:13:40

Health: 0/54       AC:  1    Str: 13    XL:     8   Next: 64%
Magic:  11/11      EV: 14    Int: 15    God:    Hepliaklqana [......]
Gold:   278        SH:  0    Dex: 11    Spells: 6/12 levels left

rFire   . .          .
                       - Unarmed
rCold   . . .        (no shield)
rNeg    . . .        (helmet currently unavailable)
rPois   .            (no amulet)
rElec   .            (no ring)
rCorr   .            (no ring)
SInv    .            (no ring)
Will    .....        (no ring)
Stlth   ++           (no ring)
HPRegen 0.29/turn    (no ring)
MPRegen 0.12/turn    (no ring)
                     (no ring)

%: no passive effects
@: lethally poisoned (0 -> -3), beast-form
A: beast (slay +2), almost no armour, amphibious, 8 rings, camouflage 1,
gelatinous body 1, (nimble swimmer 1), tentacles
a: Begin Untransformation, Renounce Religion


You were on level 7 of the Dungeon.
You worshipped Hepliaklqana.
Hepliaklqana was noncommittal.
You were a hulking beast.
You visited 2 branches of the dungeon, and saw 8 of its levels.

You collected 278 gold pieces.

Inventory:

Hand Weapons
 l - a +0 morningstar
 m - a +1 long sword
 o - a +0 dagger
 q - a +0 spear
Missiles
 c - 4 curare-tipped darts (quivered)
 f - 9 poisoned darts
 n - 8 boomerangs
Armour
 p - an orb of wrath
Jewellery
 s - a ring of ice
 B - a +4 ring of protection
Talismans
 b - a beast talisman
 v - a flux talisman
Wands
 u - a wand of flame (17)
 A - a wand of charming (12)
 H - a wand of mindburst (2)
Scrolls
 e - 2 scrolls of identify
 j - a scroll of enchant weapon
 y - a scroll of noise {unknown}
 C - a scroll of poison {unknown}
 D - 2 scrolls of vulnerability {unknown}
 F - a scroll of acquirement {unknown}
Potions
 a - a potion of lignification
 h - a potion of curing
 i - 2 potions of brilliance
 k - a potion of enlightenment
 z - a potion of attraction
 E - 2 potions of mutation


   Skills:
 + Level 4.5 Fighting
 + Level 4.8 Dodging
 + Level 5.4 Unarmed Combat
 * Level 2.6 Spellcasting
 * Level 2.8 Summonings
 + Level 1.7 Invocations
 + Level 5.0 Shapeshifting


You had 6 spell levels left.
You knew the following spells:

 Your Spells              Type           Power      Damage    Failure   Level
c - Call Canine Familiar  Summ           10%        N/A       19%         3
d - Summon Guardian Gole  Hex/Summ       6%         N/A       34%         3

Your spell library contained the following spells:

 Spells                   Type           Power      Damage    Failure   Level
 Summon Small Mammal      Summ           40%        N/A       6%          1
 Sandblast                Erth           2%         2d4       22%         1
 Passwall                 Tmut/Erth      0%         N/A       32%         2
 Dazzling Flash           Conj/Hex       2%         N/A       54%         3
 Sigil of Binding         Hex            1%         N/A       54%         3
 Stone Arrow              Conj/Erth      2%         3d7       54%         3
 Volatile Blastmotes      Fire/Tloc      2%         2d10      54%         3
 Brom's Barrelling Bould  Conj/Erth      1%         2d3       91%         4
 Dimensional Bullseye     Hex/Tloc       0%         N/A       91%         4
 Leda's Liquefaction      Hex/Erth       0%         N/A       91%         4
 Starburst                Conj/Fire      0%         6d3       100%        6
 Maxwell's Capacitive Co  Air            0%         ∞         100%        8


Dungeon Overview and Level Annotations

Branches:
Dungeon (7/15)             Temple (1/1) D:5

Altars:
Dithmenos
Elyvilon
Fedhas
Gozag
Hepliaklqana
Kikubaaqudgha
Nemelex Xobeh
Okawaru
Qazlal
Ru
Sif Muna
Trog
Uskayaw
Vehumet
Xom
Yredelemnul
The Shining One

Annotations:
D:5 2 transporters, LeprechaunX's ghost, novice OpSh


Innate Abilities, Weirdness & Mutations

You are a hulking beast.
Your limbs bulge with bestial killing power. (Slay +2)
You cannot wear most types of armour.
You are amphibious.
You can wear up to eight rings at the same time.
Your skin changes colour to match your surroundings (Stealth+).
Your rubbery body absorbs attacks. (AC +1, EV +1)
((You are camouflaged when in or above water. (Stealth+)))
You have tentacles for arms and can constrict up to eight enemies at once.


Message History

You feel sick.
The killer bee attacks as it pursues you!
The killer bee stings you.
You are more poisoned.
The killer bee poisons you! The killer bee misses you.
You feel sick. The killer bee barely misses you.
The killer bee completely misses you.
Aiming: Charm
Press: ? - help, Shift-Dir - straight line, f - killer bee
Aim: a killer bee (chance to affect: 57%)
The killer bee is charmed.
You feel sick.
You feel better.
You swap places.
The killer bee stings you.
You are poisoned.
The killer bee poisons you! The killer bee barely misses you.
The centaur shoots an arrow.
The arrow closely misses your killer bee.
The arrow hits you!
* * * LOW HITPOINT WARNING * * *
You feel better. The killer bee barely misses you.
The killer bee stings you but does no damage.
The centaur shoots an arrow.
The arrow barely misses your killer bee.
The arrow hits you!
You hear a shout!
You feel much better.
You hear a shout!
The killer bee barely misses you.
The centaur shoots an arrow.
The arrow completely misses your killer bee.
The arrow hits you! The killer bee stings you.
You are poisoned.
The killer bee poisons you!
You hear a shout! x3
You barely miss the killer bee. Your grab misses the killer bee.
Your tentacle-slap misses the killer bee.
You feel sick. The killer bee stings you!
The centaur shoots an arrow.
The arrow hits you!
* * * LOW HITPOINT WARNING * * *
The killer bee stings you!
You die...

*,**,,,,*,,,,,* *,**,**
*,***,*,*,***,* *,**,** *,*
*,#.o,* *,* *,,,,,,
*****,***,#.#,***,* ****,**
*,,,,,,,,,#.#,,,,,* *,**
*,***,*####.#****** ***,**
*,*,,,,.....##### *,,*,,
*,*,*****,#..c.y# *,*,**
*,*,* *,#.###h######*****,***
*,*,*****,#...y........,,,,,*
*,,,...!............###******
***,###...#.#...###.#
*,*#..........# *,#
*,*#....#.#...# *,*
*,..y.....##..#**,**
**##.y..####..#*,*,*******
#...#* #...,***,,,,,,*


You could see a centaur, a killer bee (ally target) and a friendly killer bee
(charmed).

Vanquished Creatures
  Grinder (D:4)
  2 ogres (D:6)
  A phantom (D:5)
  A bullfrog (D:6)
  2 scorpions
  A killer bee (D:7)
  A howler monkey (D:6)
  2 jellies
  An orc priest (D:4)
  2 hounds (D:5)
  A sleepcap (D:6)
  2 iguanas
  Ijyb (D:4)
  Natasha (thrice) (D:4)
  4 orc wizards
  Robin (D:2)
  A gnoll (D:1)
  4 adders
  A white imp (D:6)
  3 worms
  A dart slug (D:2)
  17 orcs
  4 endoplasms
  4 giant cockroaches
  11 goblins
  8 hobgoblins
  6 quokkas
  A ball python (D:3)
  3 bats
  A frilled lizard (D:2)
  3 kobolds
  5 rats
99 creatures vanquished.

Vanquished Creatures (collateral kills)
  A killer bee (D:7)
  An adder (D:4)
  An orc (D:7)
3 creatures vanquished.

Vanquished Creatures (others)
  2 killer bees (D:7)
2 creatures vanquished.

Grand Total: 104 creatures vanquished

Notes
Turn   | Place    | Note
-------+----------+-------------------------------------------
     0 | D:1      | croobank the Octopode Shapeshifter began the quest for the
                  | Orb.
     0 | D:1      | Reached XP level 1. HP: 13/13 MP: 1/1
    77 | D:1      | Reached XP level 2. HP: 18/18 MP: 2/2
   143 | D:1      | Found a faded altar of an unknown god.
   198 | D:1      | Reached XP level 3. HP: 23/23 MP: 3/3
   718 | D:2      | Reached XP level 4. HP: 22/29 MP: 4/4
   796 | D:2      | Noticed Robin
   807 | D:2      | Killed Robin
  1000 | D:2      | Reached XP level 5. HP: 30/34 MP: 5/5
  1208 | D:2      | Found a sparkling altar of Nemelex Xobeh.
  2094 | D:4      | Reached XP level 6. HP: 24/41 MP: 6/6
  2244 | D:4      | Noticed Ijyb
  2249 | D:4      | Killed Ijyb
  2252 | D:4      | Noticed Natasha
  2260 | D:4      | Killed Natasha
  2465 | D:4      | Noticed Grinder
  2502 | D:4      | Paralysed by Grinder for 2 turns
  2505 | D:4      | Killed Grinder
  2506 | D:4      | Reached XP level 7. HP: 29/47 MP: 7/7
  2616 | D:4      | Noticed Natasha
  2621 | D:4      | Killed Natasha
  2641 | D:4      | Noticed Natasha
  2644 | D:4      | Killed Natasha
  2881 | D:5      | Entered Level 5 of the Dungeon
  2892 | D:5      | Found a transporter.
  3186 | D:5      | Found a staircase to the Ecumenical Temple.
  3202 | Temple   | Entered the Ecumenical Temple
  3222 | Temple   | Became a worshipper of Hepliaklqana the Forgotten
  3267 | D:5      | Found a transporter.
  3267 | D:5      | Noticed LeprechaunX's ghost (novice OpSh)
  3402 | D:6      | Found a stormy altar of Qazlal.
  3410 | D:5      | Reached skill level 5 in Unarmed Combat
  3410 | D:5      | Reached skill level 1 in Spellcasting
  3410 | D:5      | Reached skill level 1 in Summonings
  3447 | D:6      | Reached XP level 8. HP: 25/54 MP: 8/10
  3818 | D:6      | Reached skill level 1 in Invocations
  3947 | D:6      | Learned a level 3 spell: Call Canine Familiar
  4189 | D:7      | Reached skill level 5 in Shapeshifting
  4372 | D:7      | Learned a level 3 spell: Summon Guardian Golem
  4492 | D:7      | Slain by a killer bee

Illustrated notes

Levels and vault maps discovered:
D:1:      lightli_arrival_quake, layout_rooms,
          shapermc_ecumenical_altar_acropolis, minmay_misc_feat_chi
D:2:      layout_basic, basic_altar, uniq_robin
D:3:      layout_loops_ring
D:4:      layout_loops_ring, chequers_serial_rivers_room_b, dk_rats_in_the_wall,
          uniq_grinder, uniq_natasha, uniq_ijyb
D:5:      layout_rooms, minmay_temple_entry_crystal_x, gammafunk_ghost_mausoleum
D:6:      layout_basic, mainiacjoe_overflow_small_starburst
D:7:      layout_loops_ring, makhleb_grotto_becter
Temple:   lightli_temple_of_artemis

Skill      XL: |  1  2  3  4  5  6  7  8 |
---------------+-------------------------+-----
Fighting       | 2 3 4 |  4.5
Dodging        | 3 4 |  4.8
Unarmed Combat | 4 5 |  5.4
Shapeshifting  | 4 5 |  5.0
Spellcasting   | 1 2 |  2.6
Summonings     | 1 2 |  2.8
Invocations    | 1 |  1.7

Action                     |  1- 3 |  4- 6 |  7- 9 || total
---------------------------+-------+-------+-------++-------
  Melee: Unarmed           |    44 |    95 |    64 ||   203
         Tentacles         |     8 |    32 |    15 ||    55
         Constrict         |    12 |    26 |    18 ||    56
         Punch             |     1 |     2 |     1 ||     4
  Throw: Dart              |       |       |     8 ||     8
         Boomerang         |       |       |     1 ||     1
   Cast: Call Canine Famil |       |       |     2 ||     2
  Evoke: Wand              |       |     7 |     5 ||    12
    Use: Scroll            |       |       |    13 ||    13
         Potion            |       |       |     4 ||     4
   Stab: Sleeping          |     3 |     8 |     3 ||    14
         Distracted        |     1 |       |       ||     1
 Armour: Skin              |    14 |    37 |    39 ||    90
  Dodge: Dodged            |    21 |    34 |    41 ||    96

Table legend: (Time is in decaauts)
 A = Elapsed time spent in this place.
 B = Non-inter-level travel time spent in this place.
 C = Inter-level travel time spent in this place.
 D = Time resting spent in this place.
 E = Time spent auto-exploring this place.
 F = Levels seen in this place.
 G = Mean time per level.
                   A        B        C        D        E       F      G
               +--------+--------+--------+--------+--------+-----+--------+
         Total |   4476 |   4336 |    140 |    878 |   2556 |   8 |  559.5 |
       Dungeon |   4435 |   4334 |    101 |    878 |   2556 |   7 |  633.6 |
        Temple |     40 |      1 |     39 |      0 |      0 |   1 |   40.0 |
               +--------+--------+--------+--------+--------+-----+--------+

Top non-repeatable levels by time:
     D:4: 940 daAuts
     D:2: 722 daAuts
     D:6: 707 daAuts
     D:3: 670 daAuts
     D:1: 536 daAuts
     D:5: 509 daAuts
     D:7: 349 daAuts
  Temple: 40 daAuts
